Map: Ley Lines

Players

FalconsSolar (Solar)

  • Race: Zerg Zerg
  • Spawn Location: 1:00

trigger - Winner!

  • Race: Protoss Protoss
  • League: Master
  • Spawn Location: 7:00

VOD

Have the link to the VOD?

Description

Time

  • Played on: May 24, 2025, 3:02 p.m.
  • Length: 12:13
Show
View Real Time Build Order
Export as new Build Order

FalconsSolar Zerg 

Build Orders: Hatch First 

Get SALT Encoding   

  12  0:00  Drone  
  13  0:07  Drone  
  14  0:15  Extractor  
  14  0:16  Drone  
  15  0:21  Overlord  
  15  0:41  Drone  
  15  0:42  Drone  
  17  0:48  Hatchery  
  16  0:51  Drone  
  16  0:56  Drone  
  18  1:06  Extractor  
  17  1:12  Spawning Pool  
  17  1:14  Drone  
  17  1:18  Drone  
  18  1:26  Drone  
  19  1:37  Drone  
  20  1:48  Overlord  
  20  2:00  Queen x2, Zergling x2  
  20  2:01  Zergling x2  
  26  2:10  Drone  
  26  2:11  Drone  
  26  2:15  Metabolic Boost  
  28  2:22  Drone x2  
  30  2:34  Hatchery  
  30  2:35  Zergling x2  
  30  2:44  Queen  
  30  2:48  Overlord  
  30  2:50  Drone  
  33  2:53  Drone  
  33  2:55  Zergling x2  
  35  2:59  Zergling x2  
  36  3:06  Queen  
  36  3:09  Zergling x2  
  36  3:10  Drone  
  36  3:12  Drone  
  41  3:14  Drone  
  41  3:15  Drone  
  43  3:20  Overlord  
  43  3:21  Drone  
  44  3:33  Spore Crawler  
  44  3:34  Drone  
  44  3:38  Queen  
  44  3:40  Drone  
  44  3:41  Drone x2  
  49  3:42  Drone  
  49  3:43  Drone  
  49  3:48  Queen  
  49  3:51  Drone  
  49  3:53  Drone  
  53  3:55  Overlord  
  53  4:00  Spore Crawler  
  53  4:01  Drone  
  53  4:02  Drone  
  54  4:03  Drone  
  54  4:04  Drone  
  54  4:07  Drone  
  54  4:09  Drone  
  57  4:10  Drone  
  57  4:16  Drone  
  58  4:17  Drone  
  58  4:18  Evolution Chamber  
  58  4:23  Drone x4  
  62  4:29  Zergling x8  
  66  4:33  Drone  
  66  4:34  Overlord  
  66  4:39  Overlord  
  66  4:43  Zerg Melee Weapons Level 1  
  66  4:46  Overlord  
  66  4:53  Drone  
  66  4:54  Drone x2  
  66  4:56  Drone, Extractor  
  66  4:58  Drone x2  
  66  4:59  Drone  
  72  5:01  Hatchery  
  72  5:02  Drone x2  
  72  5:05  Drone x2  
  75  5:08  Drone  
  75  5:09  Drone x3  
  75  5:14  Lair  
  78  5:18  Extractor  
  78  5:19  Drone x3  
  78  5:20  Extractor x2  
  78  5:26  Roach Warren  
  78  5:27  Drone  
  78  5:28  Drone x2  
  80  5:29  Overlord  
  80  5:34  Overlord x2  
  81  5:35  Drone  
  81  5:39  Overlord  
  83  5:50  Drone x4  
  83  5:53  Zergling x12  
  91  5:57  Zergling x2  
  91  5:58  Zergling x2  
  91  5:59  Zergling x4  
  91  6:02  Extractor  
  91  6:03  Drone x2  
  96  6:05  Drone x2  
  96  6:06  Zergling x2  
  96  6:10  Zergling x2  
  99  6:12  Spire  
  99  6:13  Overseer, Zergling x4  
  99  6:14  Queen  
  99  6:15  Drone  
  103  6:24  Drone x2  
  105  6:26  Drone  
  105  6:27  Glial Reconstitution  
  105  6:28  Roach  
  105  6:29  Roach x4  
  105  6:32  Overlord  
  116  6:34  Zergling x6  
  116  6:35  Extractor, Zergling x2  
  116  6:37  Zergling x2  
  116  6:38  Zergling x4  
  118  6:41  Drone  
  118  6:45  Overlord  
  119  6:48  Overlord  
  119  6:50  Drone  
  119  6:53  Extractor, Roach  
  117  6:56  Drone x2  
  117  6:58  Overlord  
  117  6:59  Zergling x4  
  117  7:00  Drone  
  122  7:02  Overlord  
  122  7:04  Drone x2  
  122  7:06  Zergling x6  
  127  7:09  Overlord  
  126  7:24  Overlord  
  126  7:25  Mutalisk x9  
  126  7:27  Mutalisk  
  126  7:29  Mutalisk  
  148  7:31  Zerg Flyer Weapons Level 1  
  148  7:32  Drone  
  148  7:37  Mutalisk x2  
  149  7:40  Mutalisk  
  149  7:43  Mutalisk  
  157  7:46  Hatchery  
  157  7:49  Zergling x4  
  157  7:50  Zergling x2  
  158  7:52  Drone x2  
  158  7:53  Overlord  
  160  7:59  Mutalisk x3  
  160  8:01  Zergling x2  
  160  8:05  Overlord  
  167  8:08  Overlord  
  167  8:10  Mutalisk x3  
  167  8:12  Zergling x4  
  162  8:14  Zergling x4  
  162  8:16  Zergling x4  
  162  8:18  Mutalisk  
  162  8:19  Zergling x2  
  160  8:20  Zergling x2  
  160  8:21  Mutalisk  
  160  8:24  Overlord  
  163  8:28  Mutalisk  
  163  8:33  Mutalisk  
  163  8:34  Zergling x10  
  172  8:38  Overlord  
  172  8:40  Extractor  
  170  8:42  Mutalisk x3  
  170  8:43  Extractor  
  171  8:49  Mutalisk  
  171  8:51  Zergling x10  
  176  8:56  Mutalisk x2, Zergling x2  
  176  9:00  Zergling x6  
  184  9:06  Mutalisk x2  
  184  9:08  Zergling x6  
  190  9:10  Overseer  
  190  9:16  Mutalisk  
  188  9:17  Zergling x12  
  188  9:20  Zergling x4  
  188  9:24  Mutalisk x2  
  188  9:25  Zergling x2  
  188  9:29  Zergling x6  
  196  9:32  Mutalisk  
  197  9:39  Zergling x2  
  196  9:46  Mutalisk x2  
  196  9:50  Mutalisk  
  189  9:53  Mutalisk  
  189  9:54  Zergling x12  
  189  9:58  Mutalisk  
  189  10:02  Mutalisk  
  191  10:11  Mutalisk x3  
  187  10:16  Zergling x6  
  187  10:18  Mutalisk  
  187  10:20  Zergling x4  
  192  10:22  Hatchery  
  192  10:23  Mutalisk  
  192  10:26  Mutalisk  
  192  10:27  Mutalisk  
  191  10:32  Mutalisk  
  191  10:33  Zergling x6  
  191  10:34  Zergling x2  
  167  10:38  Mutalisk x2  
  167  10:42  Mutalisk  
  166  10:43  Zergling x4  
  166  10:45  Zergling x4  
  166  10:48  Mutalisk  
  171  10:50  Zergling x4  
  171  10:52  Mutalisk  
  171  10:54  Zergling x2  
  170  10:59  Mutalisk  
  170  11:00  Mutalisk  
  168  11:06  Zergling x12  
  146  11:12  Zergling x8  
  146  11:14  Zergling x2  
  146  11:17  Zergling x2  
  127  11:21  Zergling x2  
  113  11:29  Zergling x4  
  79  11:40  Zergling x8  
  68  11:47  Drone  
Show
View Real Time Build Order
Export as new Build Order

trigger Protoss - Winner!

Build Orders: 1 Gate Expand, Oracle Opening, Zealot Archon 

Get SALT Encoding   

  12  0:00  Probe  
  13  0:12  Probe  
  14  0:19  Pylon  
  14  0:24  Probe  
  15  0:33  Probe  
  15  0:41  Probe, Gateway  
  17  0:51  Assimilator  
  17  0:52  Probe  
  18  1:04  Probe  
  19  1:16  Probe  
  20  1:25  Nexus  
  20  1:35  Cybernetics Core  
  20  1:42  Assimilator  
  20  1:43  Probe  
  21  1:55  Pylon, Probe  
  22  2:03  Adept  
  22  2:07  Probe  
  25  2:19  Probe  
  26  2:24  Stargate, Adept  
  26  2:31  Probe  
  29  2:38  Probe  
  29  2:39  Warp Gate  
  29  2:43  Probe  
  31  2:50  Probe  
  32  2:54  Adept  
  32  2:56  Probe  
  35  3:00  Oracle  
  35  3:02  Probe  
  36  3:08  Probe  
  36  3:10  Probe  
  36  3:11  Pylon  
  40  3:18  Probe  
  41  3:20  Probe  
  43  3:27  Oracle  
  43  3:30  Probe  
  43  3:32  Probe  
  45  3:37  Gateway  
  48  3:42  Probe  
  49  3:50  Nexus  
  49  3:53  Pylon  
  49  3:54  Probe  
  50  3:57  Probe  
  50  4:01  Assimilator  
  51  4:06  Probe  
  51  4:09  Probe  
  53  4:13  Twilight Council  
  53  4:14  Assimilator  
  53  4:18  Probe  
  53  4:19  Shield Battery  
  53  4:21  Pylon  
  53  4:22  Probe  
  55  4:29  Adept  
  57  4:32  Probe  
  57  4:34  Adept  
  57  4:36  Probe  
  61  4:43  Forge  
  61  4:44  Probe  
  62  4:48  Probe  
  62  4:51  Blink  
  63  4:54  Stalker x2  
  63  4:55  Probe  
  63  4:57  Probe  
  68  5:02  Probe  
  68  5:03  Probe  
  68  5:05  Probe  
  71  5:11  Probe  
  71  5:12  Protoss Ground Weapons Level 1, Gateway  
  73  5:14  Probe  
  73  5:15  Probe, Gateway  
  75  5:23  Probe  
  75  5:25  Stalker  
  75  5:27  Pylon  
  78  5:28  Probe  
  78  5:32  Stalker  
  78  5:35  Probe  
  82  5:36  Probe  
  82  5:40  Probe, Gateway  
  83  5:46  Assimilator  
  83  5:48  Templar Archives  
  83  5:49  Probe  
  84  5:50  Assimilator  
  84  5:51  Gateway  
  84  5:52  Probe  
  86  5:57  Pylon  
  86  5:58  Probe  
  86  6:01  Probe  
  88  6:04  Probe  
  88  6:05  Psionic Storm  
  88  6:10  Probe  
  90  6:15  Pylon, Probe  
  91  6:24  Pylon  
  91  6:25  Gateway x2  
  91  6:29  Nexus  
  91  6:31  High Templar x2  
  95  6:39  Stalker x3  
  93  6:46  Stalker  
  92  6:53  Charge  
  92  6:56  Pylon  
  92  7:04  Protoss Ground Weapons Level 2  
  92  7:07  High Templar x4, Stalker  
  102  7:10  Photon Cannon  
  102  7:16  Stalker  
  102  7:21  Probe x2  
  102  7:22  Photon Cannon  
  106  7:23  Photon Cannon  
  106  7:28  Nexus  
  106  7:29  Stalker x2  
  110  7:31  Pylon  
  110  7:33  Pylon  
  110  7:36  Zealot  
  112  7:37  Shield Battery  
  112  7:38  Photon Cannon, Pylon  
  112  7:42  Photon Cannon  
  112  7:51  Shield Battery  
  112  7:52  High Templar x2  
  112  7:53  Photon Cannon  
  112  7:56  Archon  
  116  8:03  Robotics Facility  
  116  8:04  Assimilator  
  116  8:06  Assimilator  
  116  8:11  Zealot x6  
  128  8:13  Phoenix  
  128  8:16  Archon  
  128  8:20  Photon Cannon  
  130  8:28  High Templar  
  132  8:36  Stalker x4  
  140  8:42  Zealot x3  
  140  8:51  Observer  
  141  8:56  Photon Cannon  
  141  8:59  Photon Cannon  
  141  9:00  Zealot x4  
  149  9:03  Pylon  
  149  9:05  Pylon  
  149  9:07  High Templar x3  
  155  9:14  Protoss Shields Level 1  
  151  9:20  Stalker x3  
  151  9:21  Stalker x2  
  154  9:27  Immortal  
  154  9:33  Archon  
  158  9:40  High Templar x2  
  158  9:42  Zealot  
  164  9:51  Stalker  
  164  9:52  Stalker  
  166  9:55  High Templar  
  166  9:57  Stalker x2  
  166  10:06  Photon Cannon  
  166  10:07  Shield Battery  
  166  10:08  Zealot  
  166  10:17  Stalker x4  
  166  10:20  Pylon  
  168  10:27  Archon  
  168  10:34  Zealot x3  
  172  10:36  Phoenix  
  168  10:43  High Templar x3  
  168  10:44  High Templar  
  168  10:46  Nexus  
  168  10:48  Archon  
  162  10:57  High Templar x2  
  162  10:58  Zealot x2  
  162  11:01  Phoenix  
  169  11:07  Archon  
  157  11:17  Stalker x4  
  141  11:25  Stalker x2  
  141  11:31  Stalker x2  
  130  11:47  Stalker x3  
  130  11:48  Stalker  
  130  11:49  Probe x2  
  130  11:50  Probe  
Tags
 
Add a new tag
Caveats
  • Supply blocks, unpowered buildings, or Contaminate may cause inaccurate times.
  • Supply counts are checked every 10 seconds.